 Dungeon Crawl Stone Soup version bcrawl-1.39.1 (webtiles) character file.

Game seed: 1228583920720779323

189378 kosoiffoigrumme1174 the Ducker (level 5, -2/32 HPs)
             Began as a Vine Stalker Chaos Knight on Aug 7, 2023.
             Was a Plaything of Xom.
             Slain by a centaur (shapeshifter)
             ... wielding a +0 long sword
              (8 damage)
             ... in a sewer.
             The game lasted 00:03:29 (1622 turns).

kosoiffoigrumme1174 the Ducker (VSCK)               Turns: 1622, Time: 00:03:30

Health: -2/32      AC:  5    Str: 14      XL:     5   Next: 35%
Magic:  6/6        EV: 14    Int: 11 (12) God:    Xom [.*....]
Gold:   189        SH:  0    Dex: 15      Spells: 4/4 levels left

rFire    . . .     GDR:     27% a - +0 hand axe (chaos)
rCold    . . .     SeeInvis .   (no shield)
rNeg     . . .     Gourm    .   b - +2 leather armour
rPois    .         Faith    .   (no helmet)
rElec    .         Spirit   .   (no cloak)
rCorr    +         Reflect  .   (no gloves)
MR       .....                  (no boots)
Stlth    +.........             (no amulet)
HPRegen  0.55/turn              l - ring of resist corrosion
MPRegen  0.10/turn              (no ring)

@: no status effects
A: fangs 2, deterioration 1, regeneration 1, screaming 1, no potion heal 3, rot
immunity, strong jaws
a: Renounce Religion


You were in a sewer.
You worshipped Xom.
You were a plaything of Xom.
You were hungry.

You visited 1 branch of the dungeon, and saw 3 of its levels.
You also visited: Sewer.

You collected 189 gold pieces.

Inventory:

Hand Weapons
 a - a +0 hand axe of chaos (weapon)
Missiles
 g - 193 stones (quivered)
 m - 112 poisoned needles
Armour
 b - a +2 leather armour (worn)
 o - a +0 cloak
Jewellery
 l - a ring of resist corrosion (left hand)
Scrolls
 c - 2 scrolls of teleportation
 j - a scroll of remove curse
 k - 2 scrolls of blinking
 n - a scroll of fog
Potions
 d - a potion of brilliance
 f - a potion of agility
 h - a potion of berserk rage
 i - a potion of curing {unknown}
 p - a potion of ambrosia
 q - a potion of lignification {unknown}
Comestibles
 e - 6 rations {!d}


   Skills:
 + Level 2.8 Fighting
 - Level 2.6 Axes
 - Level 0.7 Armour
 - Level 4.3 Dodging
 + Level 3.3 Unarmed Combat


You had 4 spell levels left.
You didn't know any spells.
Your spell library was empty.

Dungeon Overview and Level Annotations

Branches:
Dungeon (3/12)

Altars:
Uskayaw
Xom

Annotations:
D:2 Sigmund


Innate Abilities, Weirdness & Mutations

You have extremely sharp teeth.
Your natural rate of healing is unusually fast.
Potions cannot restore your health.
You are immune to rotting.
Your bites deal extra damage.
Your body sometimes deteriorates upon taking damage.
You occasionally shout uncontrollably at your foes.


Message History

The kobold brigand changes into a centaur!
Xom thinks this is hilarious!
The kobold throws a stone.
The stone hits you but does no damage.
The centaur picks up a +0 long sword.
The centaur wields a +0 long sword.
The centaur hits you with a +0 long sword!
You hit the centaur but do no damage.
The centaur flickers and vanishes!
Deactivating autopickup; reactivate with Ctrl-A.
The kobold throws a stone.
The stone closely misses you.
You hit the kobold.
You kill the kobold!
You hit something. Something hits you but does no damage.
You closely miss something. You bite something. Something barely misses you.
You barely miss something. Your punch misses something.
Your bite misses something. Something hits you!
Your body deteriorates!
You feel dopey.
You barely miss something. You bite something. Something hits you!
* * * LOW HITPOINT WARNING * * *
Something hits you!
You die... "What!?
That's it?"

## ##### ####
.####...####..#######
P........##.........#
....................##
................@....#
......P..÷.........).#
P............PP....).'.)?.
≈≈≈≈≈..P≈≈..≈≈≈≈.....'..∩.
≈≈≈≈P...≈≈≈P≈≈P≈≈....#...!
≈##########≈≈≈#################
≈≈≈≈≈≈ ≈≈≈≈≈≈≈≈≈≈≈≈≈≈≈≈≈≈≈≈≈≈#
≈≈≈≈≈≈ ≈≈≈≈≈≈≈≈≈≈≈≈≈≈≈≈≈≈≈≈≈≈#
≈≈≈≈≈≈ ≈≈≈≈≈≈≈≈≈≈S≈≈≈≈≈≈≈≈≈≈≈#


There were no monsters in sight!

Vanquished Creatures
  A kobold brigand (Sewer)
  3 oozes
  5 dart slugs
  A leopard gecko (D:2)
  5 ball pythons
  3 bats
  6 giant cockroaches
  4 goblins
  4 hobgoblins
  7 jackals
  3 frilled lizards
  14 kobolds
  3 rats
59 creatures vanquished.

Notes
Turn   | Place    | Note
-------+----------+-------------------------------------------
     0 | D:1      | kosoiffoigrumme1174 the Vine Stalker Chaos Knight began the
                  | quest for the Orb.
     0 | D:1      | Reached XP level 1. HP: 13/13 MP: 2/2
    34 | D:1      | Reached skill level 1 in Unarmed Combat
    34 | D:1      | Reached XP level 2. HP: 10/18 MP: 3/3
   209 | D:1      | XOM: divination: detect creatures
   272 | D:1      | XOM: scenery: create altars
   280 | D:1      | Reached skill level 3 in Dodging
   384 | D:1      | XOM: cloud trail
   395 | D:1      | Reached XP level 3. HP: 22/22 MP: 4/4
   624 | D:1      | XOM: noise
   870 | D:2      | Noticed Sigmund
   920 | D:1      | XOM: give mutations
   920 | D:1      | Gained mutation: You occasionally shout uncontrollably at
                  | your foes. [Xom's mischief]
   920 | D:1      | Gained mutation: Your body sometimes deteriorates upon
                  | taking damage. [Xom's mischief]
   941 | D:1      | XOM is BORED!
   941 | D:1      | XOM: mild Necr miscast
  1030 | D:2      | Found a hide-covered altar of Uskayaw.
  1093 | D:2      | XOM: harmless Ice miscast
  1473 | D:3      | Found a glowing drain.
  1478 | D:3      | Reached XP level 4. HP: 27/27 MP: 5/5
  1497 | Sewer    | Entered a sewer
  1519 | Sewer    | XOM: confuse monster(s)
  1532 | Sewer    | Noticed a kobold brigand
  1537 | Sewer    | Killed a kobold brigand
  1538 | Sewer    | Reached skill level 4 in Dodging
  1538 | Sewer    | Reached XP level 5. HP: 25/31 MP: 6/6
  1576 | Sewer    | XOM: 1-stop teleportation journey
  1611 | Sewer    | Noticed a kobold brigand
  1613 | Sewer    | XOM: blink monster(s)
  1615 | Sewer    | a kobold brigand changed into a centaur
  1622 | Sewer    | Slain by a centaur (shapeshifter)

Skill      XL: |  1  2  3  4 |
---------------+-------------+-----
Unarmed Combat | 1 2 3 |  3.3
Dodging        | 3 4 |  4.3
Fighting       | |  2.8
Axes           | |  2.6
Armour         | |  0.7

Action                   |  1- 3 |  4- 6 || total
-------------------------+-------+-------++-------
Melee: Hand axe          |    97 |    39 ||   136
       Bite              |     9 |     5 ||    14
       Punch             |     1 |       ||     1
  Use: Scroll            |     7 |       ||     7
 Stab: Confused          |       |     1 ||     1
  Eat: Chunk             |     4 |     1 ||     5
Armor: Leather armour    |    49 |    11 ||    60
Dodge: Dodged            |   100 |    33 ||   133
